AoeStats
← 2 ^2[TxR] ^5 B3AR

Lombardia

507098178Analyzed
2v2 RM · 17d ago on Sep 16, 2026· 42m 29s· 4 players
Game mode
Random Map
Map size
Medium (4 player)
Population
200
Speed
Normal
Resources
Standard
Victory
Conquest
Starting age
Dark Age
Ending age
Imperial Age
RankedLock teamsTeams togetherTeam positionsShared explorationLock speedFull tech treeHidden civsTurbo modeCheats
Victory
Defeat
🇫🇷 Ethiopians · France
826
+20
🇫🇷 Burgundians · France
826
+20
🇩🇪 Tatars · Germany
914
-20
🇩🇪 Maya · Germany
903
-20
HeXeR
0:31 Loom
10:44 Feudal Age
9:07 Double-Bit Axe
9:14 Horse Collar
13:23 Wheelbarrow
27:33 Castle Age
26:02 Gold Mining
26:03 Stone Mining
28:07 Forging
27:57 Scale Mail Armor
29:05 Husbandry
30:22 Cavalier
32:43 Fletching
33:09 Chain Mail Armor
35:53 Elite Skirmisher
37:56 Light Cavalry
42:58 Imperial Age
40:38 Padded Archer Armor
41:41 Scale Barding Armor
42:44 Ballistics
Serpent_noir
0:34 Loom
11:59 Feudal Age
13:47 Wheelbarrow
13:02 Double-Bit Axe
13:00 Horse Collar
16:40 Fletching
21:16 Castle Age
20:59 Scale Mail Armor
22:44 Bodkin Arrow
23:29 Bow Saw
23:35 Padded Archer Armor
25:08 Leather Archer Armor
24:57 Crossbowman
27:27 Heavy Plow
27:36 Arson
31:38 Ballistics
31:10 Heated Shot
36:13 Imperial Age
36:58 Hand Cart
36:39 Arbalester
38:01 Conscription
38:07 Thumb Ring
38:40 Bracer
41:17 Chemistry
41:48 Ring Archer Armor
40:54 Elite Skirmisher
Joachim von Ribbentropp
2:51 Loom
10:30 Feudal Age
11:04 Double-Bit Axe
14:23 Forging
15:17 Fletching
15:39 Forging
22:08 Castle Age
23:42 Eagle Warrior
24:23 Squires
24:09 Arson
23:47 Pikeman
24:33 Scale Mail Armor
27:25 Town Watch
2 ^2[TxR] ^5 B3AR
12:12 Feudal Age
13:10 Loom
22:12 Castle Age
20:32 Double-Bit Axe
20:28 Horse Collar
23:59 Bow Saw
23:57 Heavy Plow
23:51 Gold Mining
27:22 Fletching
28:26 Bodkin Arrow
33:23 Bloodlines
33:18 Padded Archer Armor
34:28 Leather Archer Armor
35:33 Ballistics
38:39 Husbandry
40:25 Silk Armor
41:31 Gold Shaft Mining
44:55 Imperial Age
Connection lost

Rejoining the realm…

Still unreachable

The connection could not be restored.

Session expired

The server has moved on; the page needs a fresh start.